 Dungeon Crawl Stone Soup version 0.17-a0-1667-g4ca74a1 (webtiles) character file.

408911 mrath the Executioner (level 22, -10/209 HPs)
             Began as a Minotaur Fighter on Aug 16, 2015.
             Was a High Priest of Okawaru.
             Killed from afar by a quicksilver dragon (39 damage)
             ... with a bolt of dispelling energy
             ... on level 5 of the Vaults on Aug 17, 2015.
             The game lasted 12:24:12 (74640 turns).

mrath the Executioner (Minotaur Fighter)           Turns: 74640, Time: 12:24:13

Health: -10/209    AC: 27    Str: 29    XL:     22   Next: 42%
Magic:  39/39      EV: 15    Int:  3    God:    Okawaru [*****.]
Gold:   3615       SH: 31    Dex: 12    Spells: 0 memorised, 21 levels left

rFire  + + .     SeeInvis +     E - +9 war axe of Darkness {chop, +Inv rN+ MP+9}
rCold  + . .     Clarity  +     V - +2 plate armour {rF+}
rNeg   + + +     SustAt   .     d - +7 large shield of Grottiness {rN+}
rPois  .         Gourm    .     W - +0 hat "Zoefif" {SInv}
rElec  .         Spirit   .     P - +2 cloak {MR+}
rCorr  .         Warding  .     J - +2 pair of gloves {archery}
rMut   .         Stasis   .     t - +2 pair of boots {Fly}
MR     +++..                    M - amulet of clarity
Stlth  ..........               Y - ring "Muhefoev" {rF+ rC+ rN+}
                                n - ring of protection from magic

@: flying, extremely resistant to hostile enchantments, extremely unstealthy
A: retaliatory headbutt, horns 2, blurry vision 2, deformed body, dopey 1
a: Heroism, Finesse, Renounce Religion, Evoke Invisibility, Stop Flying
}: 2/15 runes: decaying, gossamer


You were on level 5 of the Vaults.
You worshipped Okawaru.
Okawaru was extremely pleased with you.
You were not hungry.

You visited 8 branches of the dungeon, and saw 44 of its levels.
You also visited: Bailey.

You collected 4531 gold pieces.
You spent 916 gold pieces at shops.

Inventory:

Hand weapons
 g - the +1 hunting sling "Dejinoups" {venom, +Blink rC+ Str+2 Stlth+}
   (You found it on level 3 of the Elven Halls)

   It poisons the ammo it fires.
   It affects your strength (+2).
   It protects you from cold.
   It lets you blink.
   It makes you more stealthy.
 E - the +9 war axe of Darkness (weapon) {chop, +Inv rN+ MP+9}
   (You found it on level 5 of the Dungeon)

   It inflicts extra damage upon your enemies.
   It protects you from negative energy.
   It affects your magic capacity (+9).
   It lets you turn invisible.
 U - the +8 trident of the Octopus King {venom, rElec rPois MR+}
   (Okawaru gifted it to you on level 3 of the Vaults)

   It poisons the flesh of those it strikes.
   It insulates you from electricity.
   It protects you from poison.
   It affects your resistance to hostile enchantments.
 Z - the +9 mace "Nixted" {antimagic, rPois rN+ Str+5}
   (You took it off a deep elf high priest on level 3 of the Elven Halls)

   It disrupts the flow of magical energy around spellcasters and certain
   magical creatures (including the wielder).
   It affects your strength (+5).
   It protects you from poison.
   It protects you from negative energy.
Missiles
 e - 11 javelins (quivered)
 j - 9 exploding sling bullets
 l - 7 needles of paralysis
 v - 156 sling bullets
Armour
 d - the +7 large shield of Grottiness (worn) {rN+}
   (You acquired it on level 2 of the Lair of Beasts)

   It protects you from negative energy.
 t - a +2 pair of boots of flying (worn)
 J - a +2 pair of gloves of archery (worn)
 P - a +2 cloak of magic resistance (worn)
 V - a +2 plate armour of fire resistance (worn)
 W - the +0 hat "Zoefif" (worn) {SInv}
   (Okawaru gifted it to you on level 4 of the Orcish Mines)

   It lets you see invisible.
Jewellery
 i - an uncursed ring of positive energy
 n - a ring of protection from magic (left hand)
 D - an uncursed amulet of stasis
 F - an uncursed ring of poison resistance
 M - an amulet of clarity (around neck)
 Y - the ring "Muhefoev" (right hand) {rF+ rC+ rN+}
   (You bought it in a shop on level 4 of the Orcish Mines)

   [ring of protection from fire]

   It protects you from fire.
   It protects you from cold.
   It protects you from negative energy.
Magical devices
 c - a wand of disintegration (24)
 x - a wand of cold (6)
 X - a wand of hasting (4)
Scrolls
 a - a scroll of identify
 b - 3 scrolls of silence
 m - 18 scrolls of remove curse
 o - 5 scrolls of blinking
 p - 19 scrolls of teleportation
 q - 7 scrolls of fear
 r - 2 scrolls of summoning
 s - a scroll of holy word
 z - 5 scrolls of magic mapping
Potions
 f - 2 potions of cancellation
 k - 3 potions of curing
 G - a potion of haste
 K - a potion of agility
 O - 3 potions of resistance
 S - 2 potions of berserk rage
Miscellaneous
 u - a lamp of fire
 B - a sack of spiders {used: 2}
 L - a fan of gales (inert)
 T - a disc of storms
Comestibles
 h - 20 bread rations


   Skills:
 + Level 19.8 Fighting
 + Level 21.0 Axes
 + Level 19.4 Armour
 + Level 17.7 Dodging
 + Level 19.8 Shields
 - Level 8.0 Invocations
 + Level 12.1 Evocations


You had 21 spell levels left.
You didn't know any spells.

Dungeon Overview and Level Annotations

Branches:
Dungeon (15/15)            Temple (1/1) D:6            Lair (8/8) D:10
  Swamp (4/4) Lair:5       Spider (4/4) Lair:5        Slime (0/6) Lair:7
    Orc (4/4) D:10            Elf (3/3) Orc:4        Vaults (5/5) D:14
  Crypt (0/3) Vaults:3     Depths (0/5) D:15

Altars:
Dithmenos
Elyvilon
Fedhas
Kikubaaqudgha
Nemelex Xobeh
Okawaru
Sif Muna
Trog
Vehumet
The Shining One
Beogh
Jiyva

Shops:
D:7 *   Orc:1 =   Orc:2 [   Orc:4 =*[(?   Vaults:4 :


Innate Abilities, Weirdness & Mutations

You reflexively headbutt those who attack you in melee.
You have a pair of horns on your head.
Scrolls take you longer to read.
Armour fits poorly on your strangely shaped body.
You are dopey. (Int -2)


Message History

You finish eating.
That bread ration really hit the spot!
Things that are here:
a battleaxe of freezing; a frost giant corpse You start resting.
The yaktaur shoots a bolt of frost.
You block the bolt of frost.
You hear a roar!
Things that are here:
a bolt of frost; a battleaxe of freezing; a frost giant corpse The quicksilver dragon roars!
The yaktaur unwields an uncursed arbalest.
The yaktaur wields a runed rapier.
You block the yaktaur's attack.
You see here 41 gold pieces.
You block the yaktaur's attack.
You slash the yaktaur! You headbutt the yaktaur.
The yaktaur is heavily wounded.
You block the yaktaur's attack.
The quicksilver dragon breathes dispelling energy at you.
The bolt of dispelling energy hits you!
Your magical contamination has completely faded away.
You die...

#..# #..#
#.........
#..##.##.# #
#..##)##...#
#..##.##.#.#
#..........#
#c@##.##.#.#
.##.##.$##.##...#
...).D..(.|...#
.##.##..##.##...#
# #..##.##.#.#
............#
.#.#.#.#.#.#.# ..
...... ...... #
####### #### ..


You could see a quicksilver dragon and a yaktaur.

Vanquished Creatures
  Mennas (Vaults:3)
  Frederick (Vaults:3)
  Xtahua (Vaults:4)
  The ghost of WhatIsLove the Spry, a mighty DsGl of Okawaru (Vaults:3)
  A lich (Vaults:4)
  Jorgrun (Swamp:4)
  6 tentacled monstrosities
  Rupert (Orc:2)
  3 titans
  4 deep elf blademasters (Elf:3)
  4 deep elf master archers (Elf:3)
  A shadow dragon (Vaults:5)
  An ancient champion (Vaults:3)
  3 thorn hunters
  A storm dragon (Vaults:4)
  Donald (Vaults:3)
  5 frost giants
  An orc warlord (Orc:4)
  5 ghost moths
  Aizul (Spider:2)
  Louise (Swamp:2)
  9 deep elf sorcerers
  9 emperor scorpions
  12 vault wardens
  13 ironheart preservers
  5 very ugly things
  2 deep elf demonologists (Elf:3)
  A large abomination (Vaults:4)
  10 stone giants
  A salamander stormcaller (Vaults:2)
  13 deep elf annihilators
  9 deep elf death magi
  7 yaktaur captains
  3 ettins
  A crystal guardian (Vaults:1)
  39 vault guards
  3 fire dragons (Vaults:2)
  3 great orbs of eyes
  5 ogre magi
  2 entropy weavers
  Erolcha (D:9)
  3 deep elf high priests
  34 hydras
  Harold (Lair:4)
  A small abomination (Vaults:5)
  The ghost of asdu the Thaumaturge, a powerful DESu of Sif Muna (Swamp:4)
  A catoblepas (Lair:8)
  3 ice dragons
  An anaconda (Lair:7)
  A death knight (Vaults:3)
  A ghost crab (shapeshifter) (Vaults:1)
  10 centaur warriors
  9 alligators
  11 death yaks
  16 dancing weapons
  A deep troll earth mage (Vaults:4)
  A tengu warrior (Vaults:1)
  4 orc high priests (Orc:4)
  A deep troll shaman (Vaults:2)
  Nergalle (Lair:2)
  3 wizards
  A skeletal warrior (Vaults:1)
  A fire crab (Vaults:1)
  5 unseen horrors
  26 deep elf knights
  A shadow wraith (Vaults:4)
  A flayed ghost (Vaults:3)
  2 spriggan druids (Swamp:4)
  6 deep trolls
  3 shambling mangroves
  10 swamp dragons
  17 deep elf summoners
  2 lindwurms
  15 ironbrand convokers
  2 phantasmal warriors
  5 hornets
  7 hill giants
  19 orc knights
  29 wolf spiders
  12 deep elf conjurers
  29 ugly things
  16 orb spiders
  The ghost of matakusis the Ducker, an experienced DsGl (D:6)
  An orb spider (shapeshifter) (Vaults:1)
  5 griffons
  6 cyclopes
  5 elephants
  2 frost giant zombies (Vaults:3)
  A hornet (shapeshifter) (Vaults:4)
  A shining eye (shapeshifter) (Vaults:5)
  A necromancer (Vaults:2)
  A guardian serpent (shapeshifter) (Elf:3)
  A centaur zombie (D:15)
  4 orc sorcerers
  9 vault sentinels
  Maurice (D:9)
  A moth of wrath (Spider:4)
  30 spiny frogs
  2 manticores (Lair:8)
  6 kobold demonologists
  8 black mambas
  3 torpor snails
  17 komodo dragons
  A human zombie (Vaults:3)
  3 gargoyles
  2 centaur skeletons
  13 demonic crawlers
  18 jumping spiders
  A harpy zombie (D:15)
  6 fire drakes
  11 deep elf priests
  A human skeleton (Vaults:3)
  42 yaktaurs
  7 giant leeches
  8 polar bears (Lair:8)
  A merfolk (D:13)
  A queen bee (Spider:1)
  A tengu conjurer (D:15)
  2 freezing wraiths
  A jumping spider (shapeshifter) (Vaults:4)
  A polar bear (shapeshifter) (Vaults:4)
  5 trolls
  6 bog bodies
  36 slime creatures
  10 boulder beetles
  A centaur simulacrum (D:15)
  A raiju (Lair:8)
  29 blink frogs
  10 two-headed ogres
  9 spriggans
  Sigmund (D:7)
  22 tarantellas
  54 redbacks
  3 vampires
  17 trapdoor spiders
  3 basilisks
  4 wyverns
  3 shadows
  A wraith (D:13)
  24 deep elf magi
  A hog (shapeshifter) (Vaults:4)
  63 yaks
  39 deep elf fighters
  2 steam dragons
  A hungry ghost (D:12)
  9 hippogriffs
  A human (shapeshifter) (Vaults:2)
  14 wolves
  34 vampire mosquitoes
  6 insubstantial wisps
  2 soldier ants
  3 mottled dragons
  22 swamp worms
  65 orc warriors
  11 wargs
  4 hell hounds (Lair:8)
  Duvessa (D:4)
  22 water moccasins
  20 porcupines
  11 swamp drakes
  11 ice beasts
  3 phantoms
  15 black bears
  11 wasps
  4 necrophages (Lair:5)
  3 sky beasts
  21 spiders
  11 centaurs
  2 eyes of draining
  21 ogres
  8 big kobolds
  5 boggarts (Vaults:1)
  A brain worm (shapeshifter) (Vaults:2)
  29 crocodiles
  A brain worm (D:13)
  25 giant frogs
  Dowan (D:4)
  6 scorpions
  A wyvern skeleton (D:12)
  8 wights
  34 killer bees
  3 electric eels
  10 crimson imps
  A human simulacrum (Vaults:2)
  A gnoll shaman (Orc:4)
  A quasit (D:13)
  4 giant frog zombies
  23 hounds
  3 jellies
  A giant frog skeleton (D:10)
  19 iguanas
  34 orc priests
  Terence (D:3)
  43 orc wizards
  9 worker ants
  4 hell rats (Lair:2)
  39 sheep
  2 killer bee zombies
  A hound zombie (D:6)
  A hound skeleton (D:6)
  2 worker ant zombies
  Robin (D:3)
  6 gnolls
  3 shadow imps
  13 adders
  45 river rats
  4 oozes
  An adder zombie (D:6)
  An adder skeleton (D:4)
  4 worms
  16 giant geckos
  219 orcs
  8 bats
  8 giant cockroaches
  14 goblins
  13 hobgoblins
  22 jackals
  43 kobolds
  5 quokkas
  A giant gecko skeleton (D:5)
  11 giant newts
  A jackal zombie (D:7)
  A quokka zombie (D:7)
  13 rats
  9 briar patches (Swamp:4)
  4 bushes
  2 crawling corpses (Vaults:5)
  6 fungi
  14 plants
2212 creatures vanquished.

Vanquished Creatures (collateral kills)
  A yaktaur captain (Vaults:5)
  2 yaktaurs (Vaults:5)
  An orc (Vaults:2)
  3 kobolds (Vaults:2)
7 creatures vanquished.

Vanquished Creatures (others)
  A golden dragon (Vaults:5)
  A sphinx (Vaults:5)
  A deep elf death mage (Vaults:5)
  An ettin (Vaults:5)
  An ogre mage (Vaults:1)
  A deep elf knight (Elf:2)
  A hill giant (shapeshifter) (Vaults:5)
  A trapdoor spider (Spider:4)
  4 deep elf magi
  A tarantella (Spider:1)
  2 deep elf fighters (Vaults:5)
  A briar patch (Swamp:3)
  9 bushes (Lair:7)
  31 fungi
  36 plants
92 creatures vanquished.

Grand Total: 2311 creatures vanquished

Notes
Turn   | Place    | Note
--------------------------------------------------------------
     0 | D:1      | mrath the Minotaur Fighter began the quest for the Orb.
     0 | D:1      | Reached XP level 1. HP: 19/19 MP: 0/0
   166 | D:1      | Reached XP level 2. HP: 23/26 MP: 1/1
   407 | D:1      | Reached skill level 4 in Axes
   615 | D:1      | Reached XP level 3. HP: 31/31 MP: 2/2
  1022 | D:2      | Found a radiant altar of Vehumet.
  1130 | D:2      | Reached skill level 5 in Axes
  1413 | D:2      | Reached XP level 4. HP: 39/39 MP: 3/3
  1492 | D:2      | Noticed a moth of wrath
  1496 | D:2      | Found a bloodstained altar of Trog.
  2000 | D:3      | Reached skill level 6 in Axes
  2000 | D:3      | Reached XP level 5. HP: 31/45 MP: 4/4
  2247 | D:3      | Noticed Terence
  2296 | D:3      | Killed Terence
  2296 | D:3      | Reached skill level 7 in Axes
  2410 | D:3      | Noticed a water moccasin
  2422 | D:3      | Killed a water moccasin
  2422 | D:3      | Reached XP level 6. HP: 38/51 MP: 5/5
  2534 | D:3      | Reached skill level 8 in Axes
  2589 | D:3      | Noticed Robin
  2684 | D:3      | Killed Robin
  3261 | D:4      | Noticed Duvessa
  3267 | D:4      | Noticed Dowan
  3271 | D:4      | Killed Duvessa
  3271 | D:4      | Reached skill level 9 in Axes
  3271 | D:4      | Reached XP level 7. HP: 51/57 MP: 6/6
  3278 | D:4      | Killed Dowan
  3487 | D:4      | Reached skill level 10 in Axes
  3603 | D:4      | Found a glowing golden altar of the Shining One.
  3766 | D:4      | Noticed Sigmund
  4050 | D:5      | Entered Level 5 of the Dungeon
  4084 | D:5      | Got a twisted war axe
  4117 | D:5      | Reached skill level 1 in Dodging
  4308 | D:5      | Identified the +9 war axe of Darkness {chop, +Inv rN+ MP+9} (You found it on level 5 of the Dungeon)
  4374 | D:5      | Reached XP level 8. HP: 30/66 MP: 7/7
  4760 | D:5      | Got a smoking whip
  4991 | D:6      | Found a staircase to the Ecumenical Temple.
  4996 | D:6      | Noticed matakusis's ghost (experienced DsGl)
  5009 | Temple   | Entered the Ecumenical Temple
  5027 | Temple   | Became a worshipper of Warmaster Okawaru
  5084 | Temple   | Identified the +3 whip of the Wasteland {slash, rElec Int+2} (You found it on level 5 of the Dungeon)
  5104 | D:6      | Killed matakusis's ghost
  5104 | D:6      | Reached skill level 5 in Fighting
  5104 | D:6      | Reached skill level 5 in Armour
  5104 | D:6      | Reached skill level 5 in Shields
  5137 | D:6      | Acquired Okawaru's first power
  5369 | D:6      | Reached skill level 11 in Axes
  5369 | D:6      | Reached XP level 9. HP: 48/75 MP: 8/8
  6399 | D:7      | Found Vumnack's General Store.
  6408 | D:7      | Bought a scroll of enchant armour for 90 gold pieces
  6408 | D:7      | Bought a scroll of magic mapping for 42 gold pieces
  6553 | D:7      | Killed Sigmund
  6744 | D:7      | Reached skill level 5 in Dodging
  7334 | D:8      | Found a shadowy altar of Dithmenos.
  7383 | D:8      | Got a spiked leather armour
  7740 | D:8      | Found a deep blue altar of Sif Muna.
  7867 | D:8      | Reached XP level 10. HP: 70/86 MP: 9/9
  8386 | D:9      | Identified the +2 leather armour of Wufos {+Blink} (You found it on level 8 of the Dungeon)
  8510 | D:9      | Reached skill level 12 in Axes
  8761 | D:9      | Noticed Maurice
  8823 | D:9      | Killed Maurice
  9501 | D:9      | Found a sparkling altar of Nemelex Xobeh.
  9552 | D:9      | Noticed Erolcha
  9557 | D:9      | Killed Erolcha
  9888 | D:10     | Entered Level 10 of the Dungeon
  9888 | D:10     | Found a staircase to the Orcish Mines.
  9888 | D:10     | Noticed a hill giant
  9899 | D:9      | Killed a hill giant
 10098 | D:10     | Reached XP level 11. HP: 95/95 MP: 10/10
 10113 | D:10     | Noticed an elephant
 10130 | D:10     | Killed an elephant
 10144 | D:10     | Found a staircase to the Lair.
 10154 | D:10     | Acquired Okawaru's second power
 11220 | Lair:1   | Entered Level 1 of the Lair of Beasts
 11240 | Lair:1   | Reached skill level 13 in Axes
 11290 | Lair:1   | Noticed a four-headed hydra
 11316 | Lair:1   | Killed a four-headed hydra
 11797 | Lair:1   | Received a gift from Okawaru
 11981 | Lair:1   | Reached skill level 10 in Fighting
 12076 | Lair:1   | Reached skill level 10 in Armour
 12729 | Lair:2   | Noticed Harold
 12914 | Lair:1   | Reached skill level 1 in Invocations
 13308 | Lair:2   | Noticed Nergalle
 13455 | Lair:2   | Reached XP level 12. HP: 106/106 MP: 12/12
 13511 | Lair:2   | Noticed a six-headed hydra
 13641 | Lair:1   | Killed a six-headed hydra
 13641 | Lair:1   | Reached skill level 10 in Shields
 14014 | Lair:2   | Killed Nergalle
 15673 | Lair:3   | You fall through a shaft for 2 floors!
 16137 | Lair:3   | Noticed an eight-headed hydra
 16156 | Lair:3   | Killed an eight-headed hydra
 17063 | Lair:4   | Reached skill level 10 in Dodging
 17324 | Lair:4   | Killed Harold
 17324 | Lair:4   | Received a gift from Okawaru
 17328 | Lair:4   | Reached skill level 14 in Axes
 17329 | Lair:4   | Got a bloodstained ring mail {god gift}
 17652 | Lair:4   | Identified the +1 ring mail of Misanthropy {rElec Str-2 Dex+3} (Okawaru gifted it to you on level 4 of the Lair of Beasts)
 17906 | Lair:4   | Reached XP level 13. HP: 109/116 MP: 15/15
 18222 | Lair:5   | Found a hole to the Spider Nest.
 18503 | Lair:5   | Found a staircase to the Swamp.
 19143 | Lair:5   | Reached skill level 5 in Invocations
 20724 | Lair:6   | Received a gift from Okawaru
 21580 | Lair:6   | Reached skill level 15 in Axes
 21581 | Lair:6   | Reached XP level 14. HP: 82/127 MP: 17/17
 22413 | Lair:7   | Found a viscous altar of Jiyva.
 22414 | Lair:7   | Found a staircase to the Slime Pits.
 23377 | Lair:8   | Entered Level 8 of the Lair of Beasts
 23549 | Lair:8   | Received a gift from Okawaru
 23797 | Lair:8   | Got a polished leather armour
 26235 | Lair:2   | Identified the +1 leather armour of Lies {rC++ rN+} (You found it on level 8 of the Lair of Beasts)
 26610 | D:11     | Found a flagged portal.
 26623 | Bailey   | Entered a bailey
 26976 | Bailey   | Got a slimy war axe
 27543 | D:11     | Reached XP level 15. HP: 136/136 MP: 17/20
 27812 | Orc:1    | Entered Level 1 of the Orcish Mines
 27856 | Orc:1    | Identified the +10 war axe "Doroof" {antimagic, *Corrode rF- Int+4 Dex+5} (You found it in a bailey)
 27925 | Orc:1    | Found a roughly hewn altar of Beogh.
 28214 | Orc:1    | Received a gift from Okawaru
 28223 | Orc:1    | Found Pughiun's Jewellery Boutique.
 28403 | Orc:1    | Found a roughly hewn altar of Beogh.
 29120 | Orc:2    | Found Naptie's Armour Shoppe.
 29121 | Orc:2    | Noticed Rupert
 29129 | Orc:2    | Paralysed by Rupert for 3 turns
 29144 | Orc:2    | Killed Rupert
 29621 | Orc:3    | Reached skill level 1 in Evocations
 30222 | Orc:4    | Entered Level 4 of the Orcish Mines
 30831 | Orc:4    | Found a roughly hewn altar of Beogh.
 30936 | Orc:4    | Found a staircase to the Elven Halls.
 30973 | Orc:4    | Found Meigilea's Magic Scroll Boutique.
 31229 | Orc:3    | Reached skill level 16 in Axes
 31370 | Orc:4    | Received a gift from Okawaru
 31400 | Orc:4    | Got a crude hat {god gift}
 31435 | Orc:3    | Identified the +0 hat "Zoefif" {SInv} (Okawaru gifted it to you on level 4 of the Orcish Mines)
 31764 | Orc:4    | Found Ilits's General Store.
 31765 | Orc:4    | Found Veviewn's Jewellery Shoppe.
 31768 | Orc:4    | Found Duyh's Antique Armour Emporium.
 31768 | Orc:4    | Found Rourutwa's Antique Weapon Emporium.
 31881 | Orc:4    | Bought a scroll of identify for 30 gold pieces
 31885 | Orc:4    | Bought the ring "Muhefoev" {rF+ rC+ rN+} for 604 gold pieces
 31974 | Orc:4    | Bought a scroll of identify for 30 gold pieces
 31974 | Orc:4    | Bought a scroll of identify for 30 gold pieces
 31974 | Orc:4    | Bought a scroll of identify for 30 gold pieces
 31974 | Orc:4    | Bought a scroll of identify for 30 gold pieces
 31974 | Orc:4    | Bought a scroll of identify for 30 gold pieces
 32532 | D:11     | Found a white marble altar of Elyvilon.
 33679 | D:13     | Found a blossoming altar of Fedhas.
 33684 | D:13     | Got a pitted mace
 34570 | Lair:2   | Identified the +7 mace "Zejillec" {flame, *Contam Int+9} (You found it on level 13 of the Dungeon)
 34930 | D:14     | Received a gift from Okawaru
 35212 | D:14     | Found a gate to the Vaults.
 35389 | D:14     | Reached XP level 16. HP: 147/147 MP: 21/21
 35453 | D:15     | Entered Level 15 of the Dungeon
 35840 | D:15     | Received a gift from Okawaru
 35945 | D:15     | Found a staircase to the Depths.
 36816 | Swamp:1  | Entered Level 1 of the Swamp
 38136 | Swamp:2  | Reached skill level 15 in Fighting
 38266 | Swamp:2  | Noticed Louise
 38300 | Swamp:2  | Killed Louise
 38300 | Swamp:2  | Reached skill level 5 in Evocations
 38871 | Swamp:2  | Reached skill level 17 in Axes
 39194 | Swamp:3  | Received a gift from Okawaru
 39195 | Swamp:3  | Got a scorched executioner's axe {god gift}
 39256 | Swamp:3  | Reached skill level 15 in Shields
 40374 | Swamp:3  | Reached skill level 15 in Armour
 40814 | Swamp:4  | Entered Level 4 of the Swamp
 41015 | Swamp:4  | Received a gift from Okawaru
 41015 | Swamp:4  | Reached XP level 17. HP: 127/156 MP: 22/22
 42587 | Lair:2   | Upgraded the game from 0.17-a0-1663-gb806841 to 0.17-a0-1667-g4ca74a1
 43356 | Swamp:4  | Noticed Jorgrun
 43379 | Swamp:4  | Killed Jorgrun
 43550 | Swamp:4  | Noticed asdu's ghost (powerful DESu)
 44140 | Swamp:4  | Received a gift from Okawaru
 44141 | Swamp:4  | Got an ancient quarterstaff {god gift}
 44752 | Swamp:4  | Killed asdu's ghost
 45046 | Swamp:4  | Got a decaying rune of Zot
 45403 | Spider:1 | Entered Level 1 of the Spider Nest
 46126 | Spider:1 | Received a gift from Okawaru
 47183 | Spider:2 | Noticed Aizul
 47194 | Spider:2 | Killed Aizul
 48255 | Spider:2 | Reached skill level 18 in Axes
 48572 | Spider:2 | Reached XP level 18. HP: 166/166 MP: 23/23
 48618 | Spider:2 | Got a steaming long sword
 50097 | Spider:3 | Received a gift from Okawaru
 50601 | Spider:4 | Entered Level 4 of the Spider Nest
 52901 | Spider:4 | Got a gossamer rune of Zot
 53304 | Elf:1    | Entered Level 1 of the Elven Halls
 54474 | Elf:1    | Reached skill level 15 in Dodging
 54707 | Elf:1    | Received a gift from Okawaru
 55840 | Elf:2    | Found an ancient bone altar of Kikubaaqudgha.
 55921 | Elf:2    | Received a gift from Okawaru
 55924 | Elf:2    | Got a crude plate armour {god gift}
 56011 | Elf:1    | Identified the +2 plate armour of Slovenliness {rElec SInv} (Okawaru gifted it to you on level 2 of the Elven Halls)
 56304 | Elf:2    | Found a runed gate.
 56304 | Elf:2    | Found a runed gate.
 56304 | Elf:2    | Found a runed gate.
 56406 | Elf:2    | Reached XP level 19. HP: 171/177 MP: 24/24
 57683 | Lair:2   | Identified a scroll of acquirement
 57872 | Elf:3    | Entered Level 3 of the Elven Halls
 59456 | Elf:2    | Got a scintillating steel ring
 60091 | Elf:3    | Reached skill level 19 in Axes
 60895 | Elf:3    | Got a slimy mace
 61072 | Elf:2    | Identified the +9 mace "Nixted" {antimagic, rPois rN+ Str+5} (You took it off a deep elf high priest on level 3 of the Elven Halls)
 61074 | Elf:2    | Identified the ring of Pyalun {rPois Int+6 Dex-5 SInv} (You took it off a deep elf sorcerer on level 2 of the Elven Halls)
 61652 | Elf:3    | Got a scorched hunting sling
 62390 | Elf:3    | Got a shimmering cloak
 62635 | Elf:3    | Identified the +1 hunting sling "Dejinoups" {venom, +Blink rC+ Str+2 Stlth+} (You found it on level 3 of the Elven Halls)
 62656 | Elf:3    | Identified the +2 cloak of Upuguk {rF+ rN++ Str-4 Stlth+} (You found it on level 3 of the Elven Halls)
 63313 | Vaults:1 | Entered Level 1 of the Vaults
 63742 | Vaults:1 | Received a gift from Okawaru
 63809 | Vaults:1 | Reached skill level 10 in Evocations
 63848 | Vaults:1 | Reached XP level 20. HP: 187/187 MP: 26/26
 64714 | Vaults:1 | Got a brightly glowing morningstar
 64721 | Vaults:1 | Identified the +11 morningstar of mrath's Woe {crush, +Blink Int+4 Dex+2} (You found it on level 1 of the Vaults)
 65483 | Vaults:2 | Received a gift from Okawaru
 68222 | Vaults:3 | Noticed Frederick
 68257 | Vaults:3 | Killed Frederick
 68723 | Vaults:3 | Found a staircase to the Crypt.
 69086 | Vaults:3 | Reached skill level 20 in Axes
 69111 | Vaults:3 | Noticed Mennas
 69148 | Vaults:3 | Killed Mennas
 69315 | Vaults:3 | Noticed Donald
 69333 | Vaults:3 | Killed Donald
 69419 | Vaults:3 | Received a gift from Okawaru
 69483 | Vaults:3 | Noticed WhatIsLove's ghost (mighty DsGl)
 69692 | Vaults:3 | Killed WhatIsLove's ghost
 69692 | Vaults:3 | Reached XP level 21. HP: 44/195 MP: 28/28
 71081 | Vaults:4 | Found Welylei's Book Shop.
 71136 | Vaults:4 | Noticed Xtahua
 71150 | Vaults:4 | Received a gift from Okawaru
 71157 | Vaults:4 | Killed Xtahua
 72463 | Vaults:4 | Received a gift from Okawaru
 73229 | Lair:2   | Got a dazzling large shield
 73240 | Lair:2   | Identified the +7 large shield of Grottiness {rN+} (You acquired it on level 2 of the Lair of Beasts)
 73640 | Vaults:5 | Entered Level 5 of the Vaults
 73899 | Vaults:5 | Received a gift from Okawaru
 73938 | Vaults:4 | Reached XP level 22. HP: 141/206 MP: 9/29
 74136 | Vaults:5 | Gained mutation: Armour fits poorly on your strangely shaped body. [a shining eye]
 74217 | Vaults:5 | Gained mutation: Scrolls take you a little longer to read. [a shining eye]
 74276 | Vaults:4 | Received a gift from Okawaru
 74515 | Vaults:5 | Gained mutation: You are dopey. (Int -2) [a shining eye]
 74517 | Vaults:5 | Gained mutation: Scrolls take you longer to read. [a shining eye]
 74527 | Vaults:5 | Received a gift from Okawaru
 74542 | Vaults:5 | Reached skill level 21 in Axes
 74548 | Vaults:5 | HP: 9/209 [vault warden/great sword of protection (14)]
 74564 | Vaults:5 | HP: 2/209 [frost giant/bolt of cold (11)]
 74640 | Vaults:5 | Killed from afar by a quicksilver dragon

Vault maps used:
D:1:      ncdulo_wetmaze, dk_noncrumbling_3
D:2:      vehumet_crystals, tgw_trog
D:3:      first_bread, uniq_robin, uniq_terence
D:4:      tso_altar, uniq_sigmund, uniq_duvessa
D:5:      kennysheep_cluttered_room, kennysheep_crisscross, st_stairs_6
D:6:      minmay_temple_entry_junction
D:7:      serial_shops, nicolae_shop_waterfront
D:8:      led_sif_book, basic_altar
D:9:      lemuel_coloured_pillars_altar, wad_dig_loot, uniq_erolcha,
          uniq_maurice
D:10:     david_lair_generic, minmay_orc_entry_temple_small
D:11:     enter_bailey_2, basic_altar, portal_ice_cave_entry_ice_beasts
D:13:     basic_altar, hangedman_fish_farm
D:14:     erik_vaults_2, minmay_misc_feat_more_columns, patterned_corridor
D:15:     grunt_enter_depths_hoard
Temple:   minmay_temple_curvy_14
Lair:1:   infiniplex_staircase_pool_2
Lair:2:   lemuel_reptile_caves, minivault_23, st_stairs_11, uniq_nergalle,
          uniq_harold
Lair:3:   lemuel_old_faithful
Lair:5:   swamp_mist, spider_nest_entry_web_field, serial_forest,
          infiniplex_forest_end_3, infiniplex_forest_straight_4,
          infiniplex_forest_lined_ring, infiniplex_forest_straight_2,
          infiniplex_forest_lined_ring, infiniplex_forest_clump_diagonal,
          roderic_carrion_pond, lemuel_fruit_tree
Lair:7:   beast_lair_carwin_large_1, dpeg_slime_entry_enclosed_altar,
          serial_forest, infiniplex_forest_clump_tiny, infiniplex_forest_end_1,
          infiniplex_forest_lined_ring, infiniplex_forest_clump_large,
          infiniplex_forest_zigzag_1, serial_bayou_shore_b
Lair:8:   hangedman_lair_caniforms_friends, hangedman_lair_in_review
Swamp:1:  serial_swamp_ruin, evilmike_swamp_ruin_house_3,
          evilmike_swamp_ruin_rubble_1, evilmike_swamp_ruin_house_4,
          infiniplex_staircase_pool
Swamp:2:  hangedman_swamp_diagram, uniq_louise
Swamp:3:  evilmike_swamp_ruin_house_2, swamp_pool4, cheibrodos_swamp_slimy
Swamp:4:  swamp_alternative, uniq_jorgrun
Spider:1: special_room, spider_trap
Spider:2: spider_trap, uniq_aizul
Spider:4: grunt_spider_rune_circles
Orc:1:    serial_shops, shop_fountains, basic_altar, mines1_david
Orc:2:    serial_shops, shop, mines_bat_river, uniq_rupert
Orc:3:    nicolae_orc_pool_cavern
Orc:4:    st_orc_congregation, basic_altar, serial_shops, shop
Elf:1:    minmay_elf_arrival_circle, evilmike_minifort
Elf:2:    basic_altar
Elf:3:    minmay_elf_hall
Vaults:1: v_alt_pattern_6, vaults_mumra_hexcomb, v_pattern_2, v_misc_3,
          hangedman_vaults_snaps, v_misc_2, st_check,
          nicolae_vaults_circle_grid_a, nicolae_vaults_little_squares_5
Vaults:2: v_misc_11, nicolae_vaults_little_squares_1, hangedman_vaults_capsules,
          hangedman_vaults_locks, v_rooms_2, hangedman_vaults_hat, v_rooms_5,
          vaults_dpeg_diagonal, nicolae_vaults_halls_meeting,
          nicolae_vaults_little_ls, vaults_room_hallway,
          nicolae_vaults_little_squares_5, vaults_mumra_lcd,
          ontoclasm_vaults_gateway, basic_altar
Vaults:3: minmay_crypt_entry_simple_walls, grunt_vaults_diagonal,
          v_alt_pattern_6, vaults_dpeg_cross, v_misc_2, vaults_room_fours,
          nicolae_vaults_little_squares_5, uniq_donald, uniq_mennas,
          uniq_frederick
Vaults:4: hangedman_vaults_trim, hangedman_vaults_trim, v_pattern_5,
          ontoclasm_vaults_spin, hangedman_vaults_cutoff, vaults_room_pools,
          vaults_standard_mumra_lines, v_misc_24, grunt_vaults_hallway_short,
          vaults_dpeg_doors, grunt_vaults_hallway_short,
          vaults_dpeg_encased_lava, grunt_vaults_hallway_long, serial_shops,
          shop, uniq_xtahua
Vaults:5: serial_shops
Bailey:   bailey_polearm_2, bailey

Action                   |  1- 3 |  4- 6 |  7- 9 | 10-12 | 13-15 | 16-18 | 19-21 | 22-24 || total
-------------------------+-------+-------+-------+-------+-------+-------+-------+-------++-------
Melee: War axe           |   119 |   151 |   258 |   653 |  1470 |  1688 |  1737 |    97 ||  6173
       Hunting sling     |       |       |     2 |       |       |       |       |       ||     2
       Whip              |       |       |       |    36 |    43 |   346 |       |       ||   425
       Mace              |       |       |       |       |       |       |     8 |       ||     8
 Fire: Hunting sling     |       |       |     3 |       |       |       |     2 |       ||     5
       Blowgun           |       |       |       |    40 |    16 |   321 |     7 |       ||   384
Throw: Stone             |     5 |    25 |    10 |       |       |       |       |       ||    40
       Tomahawk          |       |       |    12 |    58 |    54 |    99 |     9 |       ||   232
       Javelin           |       |       |       |       |       |       |    61 |       ||    61
Invok: Heroism           |       |       |       |     2 |     8 |    15 |    16 |     3 ||    44
       Finesse           |       |       |       |     1 |     6 |    14 |    15 |     3 ||    39
 Abil: Evoke Flight      |       |       |       |       |       |     3 |       |       ||     3
Evoke: Lamp of fire      |       |       |       |       |       |       |     4 |     1 ||     5
       Sack of spiders   |       |       |       |       |       |       |     2 |       ||     2
       Disc of storms    |       |       |       |       |       |       |     2 |     2 ||     4
       Fan of gales      |       |       |       |       |       |       |     1 |     1 ||     2
       Wand              |       |       |       |       |       |       |       |     1 ||     1
  Use: Potion            |       |     1 |     1 |     1 |     1 |     9 |    14 |     5 ||    32
       Scroll            |       |       |     6 |    10 |    18 |    14 |    16 |     1 ||    65
 Stab: Invisible         |       |       |       |       |    16 |       |     2 |     5 ||    23
       Distracted        |       |       |       |       |       |     2 |     1 |     2 ||     5
  Eat: Chunk             |     2 |     5 |     4 |    24 |    41 |    34 |    20 |     1 ||   131
       Beef jerky        |       |     1 |     1 |     2 |     4 |     8 |     7 |       ||    23
       Pizza             |       |       |     1 |     1 |       |     3 |     3 |       ||     8
       Bread ration      |       |       |     1 |       |     1 |     2 |     6 |     1 ||    11
       Fruit             |       |       |     3 |     5 |     5 |     4 |       |       ||    17
       Royal jelly       |       |       |       |       |     1 |       |       |       ||     1
       Meat ration       |       |       |       |       |       |     2 |       |       ||     2
